 Dungeon Crawl Stone Soup version 0.20-a0-263-g81abdfb (webtiles) character file.

373 Ezendos the Firebug (level 6, -2/45 HPs)
             Began as a Demigod Fire Elementalist on Dec 4, 2016.
             Slain by a worker ant (3 damage)
             ... on level 4 of the Dungeon.
             The game lasted 00:17:46 (4501 turns).

Ezendos the Firebug (Demigod Fire Elementalist)     Turns: 4501, Time: 00:17:47

Health: -2/45      AC: -2    Str: 11    XL:     6   Next: 19%
Magic:  1/6        EV: 15    Int: 23    God:
Gold:   188        SH:  0    Dex: 16    Spells: 4/13 levels left

rFire  . . .     SeeInvis .     m - -1 spear (curse)
rCold  . . .     Gourm    .     a - +0 robe
rNeg   . . .     Faith    .     (no shield)
rPois  +         Spirit   .     t - -5 helmet "Utuow" {rElec rPois MP-9 Stlth-} (curse)
rElec  +         Reflect  .     (no cloak)
rCorr  .         Harm     .     (no gloves)
MR     .....                    (no boots)
Stlth  +.........               (no amulet)
                                o - +3 ring of evasion
                                j - ring of wizardry

@: lethally poisoned (-2 -> -5)
A: high mp 1
a: no special abilities


You were on level 4 of the Dungeon.
You were not hungry.

You visited 1 branch of the dungeon, and saw 5 of its levels.

You collected 188 gold pieces.

Inventory:

Hand Weapons
 m - a cursed -1 spear (weapon)
 w - a +2 morningstar of holy wrath
Armour
 a - a +0 robe (worn)
 t - the cursed -5 helmet "Utuow" (worn) {rElec rPois MP-9 Stlth-}
   (You took it off Robin on level 3 of the Dungeon)

   It insulates you from electricity.
   It protects you from poison.
   It affects your magic capacity (-9).
   It makes you less stealthy.
   It has a curse placed upon it.
Jewellery
 j - a ring of wizardry (left hand)
 o - a +3 ring of evasion (right hand)
 r - an uncursed ring of ice
Wands
 v - a wand of flame (30/48)
Scrolls
 g - a scroll of noise
 l - a scroll of recharging
Potions
 e - 3 potions of heal wounds
 h - 2 potions of curing
 i - 2 potions of haste {unknown}
 k - a potion of lignification {unknown}
 p - a potion of ambrosia {unknown}
 s - a potion of brilliance {unknown}
Books
 b - a book of Flames

   Spells                             Type                      Level
   a - Flame Tongue                   Conjuration/Fire             1
   b - Throw Flame                    Conjuration/Fire             2
   c - Conjure Flame                  Conjuration/Fire             3
   d - Inner Flame                    Hexes/Fire                   3
   e - Sticky Flame                   Conjuration/Fire             4
   f - Fireball                       Conjuration/Fire             5
Comestibles
 c - a bread ration
 f - a slice of pizza
 n - a meat ration
 q - a beef jerky
 u - 3 fruits


   Skills:
 - Level 1.7 Dodging
 - Level 1.7 Stealth
 * Level 4.1 Spellcasting
 + Level 3.0 Conjurations
 + Level 4.1 Fire Magic


You had 4 spell levels left.
You knew the following spells:

 Your Spells              Type           Power        Failure   Level  Hunger
a - Flame Tongue          Conj/Fire      ###..        1%          1    None
b - Throw Flame           Conj/Fire      ###...       1%          2    #......
c - Conjure Flame         Conj/Fire      ###.....     4%          3    ##.....
d - Inner Flame           Hex/Fire       ##......     6%          3    ##.....


Dungeon Overview and Level Annotations

Branches:
Dungeon (5/15)
 Temple: D:4-7


Innate Abilities, Weirdness & Mutations

You have an increased reservoir of magic. (+10% MP)


Message History

You barely miss the worker ant.
The worker ant is severely wounded.
You feel sick. The worker ant closely misses you.
You hit the worker ant.
The worker ant is almost dead.
You feel sick. The worker ant bites you.
* * * LOW HITPOINT WARNING * * *
The worker ant bites you.
* * * LOW HITPOINT WARNING * * *
You hit the worker ant but do no damage.
The worker ant is almost dead.
The worker ant barely misses you.
You closely miss the worker ant.
The worker ant is almost dead.
You feel sick. The worker ant bites you.
* * * LOW HITPOINT WARNING * * *
You barely miss the worker ant.
The worker ant is almost dead.
The worker ant bites you.
You die...

#......# #.####.# #.#
#.. ## #.# ### ##.##
#.# ##...## #.######
##.....########.....(.
#....a..........######
#...@...>......#
##...#########.# ##..#
#.# #..# #†...... #..#
#....... #..# #.......
#..# #.##...# #..# #s#
...# #.# .##


You could see a worker ant.

Vanquished Creatures
  A howler monkey (D:4)
  3 orc wizards
  Ijyb (D:3)
  Terence (D:3)
  Robin (D:3)
  10 adders
  2 oozes (D:2)
  A worm (D:2)
  3 leopard geckos
  14 orcs
  2 ball pythons (D:1)
  A giant cockroach (D:3)
  11 goblins
  9 hobgoblins
  2 jackals (D:2)
  A quokka (D:2)
  6 bats
  7 frilled lizards
  4 kobolds
  7 rats
87 creatures vanquished.

Notes
Turn   | Place    | Note
-------+----------+-------------------------------------------
     0 | D:1      | Ezendos the Demigod Fire Elementalist began the quest for the Orb.
     0 | D:1      | Reached XP level 1. HP: 14/14 MP: 5/5
    12 | D:1      | Reached skill level 1 in Conjurations
   560 | D:1      | Reached XP level 2. HP: 20/20 MP: 2/7
   611 | D:1      | Learned a level 2 spell: Throw Flame
  1284 | D:2      | Reached XP level 3. HP: 26/26 MP: 4/9
  1693 | D:2      | Learned a level 3 spell: Conjure Flame
  1962 | D:2      | Reached XP level 4. HP: 33/33 MP: 3/11
  2576 | D:3      | Noticed Ijyb
  2633 | D:3      | Killed Ijyb
  2633 | D:3      | Reached XP level 5. HP: 28/38 MP: 1/13
  2863 | D:3      | Noticed Terence
  2868 | D:3      | Killed Terence
  2871 | D:3      | Noticed Robin
  3324 | D:3      | Killed Robin
  3462 | D:3      | Got a pitted helmet
  3468 | D:3      | Identified the cursed -5 helmet "Utuow" {rElec rPois MP-9 Stlth-} (You took it off Robin on level 3 of the Dungeon)
  3925 | D:4      | Learned a level 3 spell: Inner Flame
  4061 | D:4      | Reached XP level 6. HP: 4/45 MP: 0/15
  4484 | D:5      | Entered Level 5 of the Dungeon
  4500 | D:4      | HP: 1/45 [worker ant (5)]
  4501 | D:4      | Slain by a worker ant

Vault maps used:
D:1:      saegor_arrival_simple_d
D:3:      uniq_iyjb, uniq_terence, uniq_robin
D:4:      wad_river_or_something, grunt_dithmenos_smoke_and_mirrors
D:5:      first_bread, serial_shops, nicolae_shop_statue_plus,
          hangedman_decor_peaks_small, serial_bayou_lagoon_a, uniq_duvessa

Skill      XL: |  1  2  3  4  5  6 |
---------------+-------------------+-----
Conjurations   | 1 2 3 |  3.0
Spellcasting   | 2 3 4 |  4.1
Fire Magic     | 3 4 |  4.1
Dodging        | |  1.7
Stealth        | |  1.7

Action                   |  1- 3 |  4- 6 || total
-------------------------+-------+-------++-------
Melee: Unarmed           |     9 |       ||     9
       Spear             |    13 |   121 ||   134
 Cast: Flame Tongue      |    50 |    57 ||   107
       Throw Flame       |    19 |    49 ||    68
       Conjure Flame     |       |     4 ||     4
  Use: Scroll            |     5 |     3 ||     8
       Potion            |       |     2 ||     2
 Stab: Sleeping          |       |     1 ||     1
  Eat: Chunk             |     4 |     7 ||    11
       Meat ration       |       |     1 ||     1
Armor: Robe              |     4 |     6 ||    10
Dodge: Dodged            |    25 |    85 ||   110
